 Dungeon Crawl Stone Soup version 0.29-a0-82-g837932c90e (webtiles) character file.

Game seed: 5088354800456392237

25 bande the Covered (level 3, -5/23 HPs)
             Began as a Gargoyle Fighter on Feb 5, 2022.
             Slain by an iron imp (6 damage)
             ... summoned by Natasha
             ... on level 2 of the Dungeon.
             The game lasted 00:01:35 (903 turns).

bande the Covered (Gargoyle Fighter)                 Turns: 903, Time: 00:01:36

Health: -5/23      AC: 10    Str: 19    XL:     3   Next: 6%
Magic:  3/3        EV:  9    Int:  8    God:
Gold:   42         SH:  4    Dex: 11    Spells: 2/2 levels left

rFire   . . .      SeeInvis .   a - +0 war axe
rCold   . . .      Faith    .   c - +0 buckler
rNeg    + . .      Spirit   .   b - +0 scale mail
rPois   ∞          Reflect  .   (no helmet)
rElec   +          Harm     .   (no cloak)
rCorr   .          Rampage  .   (no gloves)
Will    .....                   (no boots)
Stlth   ..........              (no amulet)
HPRegen 0.07/turn               (no ring)
MPRegen 0.08/turn               (no ring)

@: no status effects
A: sickness immunity, AC +3, negative energy resistance 1, electricity
resistance, torment resistance 1, petrification resistance
a: no special abilities


You were on level 2 of the Dungeon.
You visited 1 branch of the dungeon, and saw 2 of its levels.

You collected 42 gold pieces.

Inventory:

Hand Weapons
 a - a +0 war axe (weapon)
Armour
 b - a +0 scale mail (worn)
 c - a +0 buckler (worn)
Potions
 d - a potion of might
 e - a potion of flight {unknown}
 i - a potion of haste {unknown}
 j - a potion of curing {unknown}


   Skills:
 + Level 3.4 Fighting
 + Level 2.0 Axes
 + Level 3.9 Armour
 + Level 3.7 Shields


You had 2 spell levels left.
You didn't know any spells.
Your spell library was empty.

Dungeon Overview and Level Annotations

Branches:
Dungeon (2/15)

Altars:

Annotations:
D:2 Natasha


Innate Abilities, Weirdness & Mutations

You are immune to sickness and miasma.
Your stone body is resilient. (AC +3)
You are immune to poison.
You resist negative energy. (rN+)
You are resistant to electric shocks. (rElec)
You are resistant to unholy torment.
You are immune to petrification.


Message History

You hit the bat.
The bat is moderately wounded.
The bat hits you but does no damage. The bat closely misses you.
Natasha, Servant of Life and Death comes into view.
You block the bat's attack.
Natasha hisses angrily.
You hit the bat.
You kill the bat!
You hear a shout!
A kobold comes into view. It is wielding a +0 club.
You hear an angry hiss.
Natasha closely misses you.
You closely miss Natasha. Natasha claws you!
The kobold throws a stone.
The stone barely misses you. Natasha claws you but does no damage.
The kobold throws a stone.
The stone hits you but does no damage.
You closely miss Natasha. Natasha barely misses you.
You closely miss Natasha. Natasha claws you.
Natasha casts a spell.
You are too injured to fight recklessly!
You are too injured to fight recklessly!
You are too injured to fight recklessly!
You are too injured to fight recklessly!
You are too injured to fight recklessly!
You are too injured to fight recklessly!
You are too injured to fight recklessly!
You are too injured to fight recklessly!
You are too injured to fight recklessly!
Unknown command.
You slash Natasha!
Natasha is severely wounded.
You closely miss the iron imp. You barely miss the kobold.
The kobold barely misses you.
A frilled lizard comes into view.
Natasha claws you.
* * * LOW HITPOINT WARNING * * *
The kobold hits you with a +0 club.
* * * LOW HITPOINT WARNING * * *
The iron imp hits you.
You die...

*,,,,,,,,***,,,,,,....#****,*
******,,,* *,.......#..,,,,,*
*,,,,* **......####******
*,,,,*###.#....****
*,,,,,,.....,*,<,,*
*,,,,,,.(l.,,,,**,*
*,,****#..#******,* *,,* #hK# *,*
***** #..** #@5# *,*
*,,,***##...* #.†# *,*
*,,,,,,,....* #..# *,*******
*,,,**###...*###..######*,,,,,,,,
**,,,,,....#*#..........,,*******
*******#..# #.#..######*,*
#..###.#....),,**,*
#...)..#.#####,**,* ##.#####.#
**,**,*


You could see an iron imp (summoned), Natasha, a kobold and a frilled lizard
(wandering).

Vanquished Creatures
  A worm (D:2)
  2 endoplasms (D:1)
  2 goblins
  2 hobgoblins (D:1)
  8 kobolds
  A quokka (D:1)
  A ball python (D:1)
  4 bats
  A rat (D:1)
22 creatures vanquished.

Notes
Turn   | Place    | Note
-------+----------+-------------------------------------------
     0 | D:1      | bande the Gargoyle Fighter began the quest for the Orb.
     0 | D:1      | Reached XP level 1. HP: 14/14 MP: 1/1
   245 | D:1      | Reached XP level 2. HP: 19/19 MP: 2/2
   348 | D:1      | Found a faded altar of an unknown god.
   857 | D:2      | Reached XP level 3. HP: 23/23 MP: 3/3
   897 | D:2      | Noticed Natasha
   903 | D:2      | HP: 1/23 [kobold (2)]
   903 | D:2      | Slain by an iron imp

Illustrated notes

Levels and vault maps discovered:
D:1:      minmay_arrival_doors, layout_basic, basic_ecumenical_altar,
          minmay_pentomino_s2
D:2:      layout_loops_ring, grunt_ministairs_2, uniq_natasha

Skill      XL: |  1  2  3 |
---------------+----------+-----
Axes           | 2 |  2.0
Fighting       | |  3.4
Armour         | |  3.9
Shields        | |  3.7

Action                   || total
-------------------------++-------
Melee: War axe           ||    77
  Use: Scroll            ||     3
Armor: Scale mail        ||    54
Dodge: Dodged            ||    45
Block: Buckler           ||    21

Table legend: (Time is in decaauts)
 A = Elapsed time spent in this place.
 B = Non-inter-level travel time spent in this place.
 C = Inter-level travel time spent in this place.
 D = Time resting spent in this place.
 E = Time spent auto-exploring this place.
 F = Levels seen in this place.
 G = Mean time per level.
                   A        B        C        D        E       F      G
               +--------+--------+--------+--------+--------+-----+--------+
         Total |    938 |    938 |      0 |      0 |    729 |   2 |  469.0 |
       Dungeon |    938 |    938 |      0 |      0 |    729 |   2 |  469.0 |
               +--------+--------+--------+--------+--------+-----+--------+

Top non-repeatable levels by time:
     D:1: 853 daAuts
     D:2: 84 daAuts
